 Dungeon Crawl Stone Soup version 0.19-a0-376-gf780d9b (webtiles) character file.

2 ololoev the Firebug (level 1, -2/10 HPs)
             Began as a Deep Elf Fire Elementalist on May 30, 2016.
             Killed from afar by a dart slug (5 damage)
             ... with a slug dart
             ... on level 1 of the Dungeon.
             The game lasted 00:00:15 (46 turns).

ololoev the Firebug (Deep Elf Fire Elementalist)      Turns: 46, Time: 00:00:16

Health: -2/10      AC:  2    Str:  5    XL:     1   Next: 25%
Magic:  1/6        EV: 13    Int: 19    God:
Gold:   0          SH:  0    Dex: 15    Spells: 1 memorised, 5 levels left

rFire  . . .     SeeInvis .     (no weapon)
rCold  . . .     Gourm    .     a - +0 robe
rNeg   . . .     Faith    .     (no shield)
rPois  .         Spirit   .     (no helmet)
rElec  .         Dismiss  .     (no cloak)
rCorr  .         Reflect  .     (no gloves)
SustAt .         Harm     .     (no boots)
MR     .....                    (no amulet)
Stlth  ++........               (no ring)
                                (no ring)

@: not resistant to hostile enchantments, unstealthy
A: no striking features
a: no special abilities

Inventory:

Armour
 a - a +0 robe (worn)
Scrolls
 d - a scroll of amnesia {unknown}
Books
 b - a book of Flames

   Spells                             Type                      Level
   a - Flame Tongue                   Conjuration/Fire             1
   b - Throw Flame                    Conjuration/Fire             2
   c - Conjure Flame                  Conjuration/Fire             3
   d - Inner Flame                    Hexes/Fire                   3
   e - Sticky Flame                   Conjuration/Fire             4
   f - Fireball                       Conjuration/Fire             5
Comestibles
 c - a bread ration


   Skills:
 - Level 2.4 Dodging
 - Level 2.4 Stealth
 + Level 3.0 Spellcasting
 * Level 1.4 Conjurations
 + Level 3.2 Fire Magic


You had 5 spell levels left.
You knew the following spells:

 Your Spells              Type           Power        Failure   Level  Hunger
a - Flame Tongue          Conj/Fire      ##...        8%          1    None


You were on level 1 of the Dungeon.
You were not hungry.

You visited 1 branch of the dungeon, and saw 1 of its levels.

..... .## ..... ..#####
.....##.#(..# ...
........#...#....
...........#....
##.##...........
#########...............
#p#K#Q#a#...##.(#b..# .
##########..##..@...#....
........'......##.....g..
##########)..####........
#V#p#o#H#...........)....
#########................
........####.#....
##..##...# .#..w. ..#.
##.... ## g.. #... ...##
..

Notes
Turn   | Place    | Note
--------------------------------------------------------------
     0 | D:1      | ololoev the Deep Elf Fire Elementalist began the quest for the Orb.
     0 | D:1      | Reached XP level 1. HP: 10/10 MP: 6/6
     2 | D:1      | Noticed a halfling
     2 | D:1      | Noticed a ghoul
     4 | D:1      | Noticed a merfolk
     4 | D:1      | Noticed a demonspawn
     6 | D:1      | Noticed a vine stalker
     6 | D:1      | Noticed an ogre
     8 | D:1      | Noticed a spriggan
     8 | D:1      | Noticed a gargoyle
    10 | D:1      | Noticed a dwarf
    12 | D:1      | Noticed a felid
    14 | D:1      | Noticed a naga
    14 | D:1      | Noticed a draconian
    16 | D:1      | Noticed an octopode
    16 | D:1      | Noticed a centaur
    18 | D:1      | Noticed an elf
    18 | D:1      | Noticed a troll
    20 | D:1      | Noticed a demigod
    20 | D:1      | Noticed a vampire
    22 | D:1      | Noticed a human
    25 | D:1      | Noticed a tengu
    27 | D:1      | Noticed a formicid
    27 | D:1      | Noticed a minotaur
    46 | D:1      | Killed from afar by a dart slug

Dungeon Overview and Level Annotations

Branches:
Dungeon (1/15)

Altars:


Message History

Welcome, ololoev the Deep Elf Fire Elementalist.
Will you be the one to retrieve the fabulous Orb of Zot from the depths?
Press ? for a list of commands and other information.
Found a staircase leading out of the dungeon.
As you open the door, it creaks loudly!
There is an open door here.
The merfolk shouts!
The vine stalker shouts!
The spriggan shouts!
The naga shouts!
The octopode shouts!
The demigod shouts!
The kobold shouts!
d - a scroll labeled IRPHAV ZUOSUHEC The human shouts!
The tengu shouts!
The formicid twitches its antennae in your direction.
The orc shouts!
The minotaur bellows!
You open the door.
A hobgoblin comes into view. It is wielding a club.
There is an open door here.
Casting: Flame Tongue
Confirm with . or Enter, or press ? or * to list all spells.
Aiming: Flame Tongue
Press: ? - help, Shift-Dir - straight line, f - hobgoblin
Aim: a hobgoblin, wielding a club (resting)
The flame tongue hits the hobgoblin.
The hobgoblin appears unharmed.
The hobgoblin shouts!
Casting: Flame Tongue
Confirm with . or Enter, or press ? or * to list all spells.
Aiming: Flame Tongue
Press: ? - help, Shift-Dir - straight line, f/p - hobgoblin
Aim: a hobgoblin, wielding a club The flame tongue hits the hobgoblin.
The hobgoblin is moderately wounded.
Casting: Flame Tongue
Confirm with . or Enter, or press ? or * to list all spells.
Aiming: Flame Tongue
Press: ? - help, Shift-Dir - straight line, f/p - hobgoblin
Aim: a hobgoblin, wielding a club (moderately wounded)
The flame tongue hits the hobgoblin.
The hobgoblin is almost dead.
The hobgoblin hits you with a club!
Ouch! That really hurt!
Casting: Flame Tongue
Confirm with . or Enter, or press ? or * to list all spells.
Aiming: Flame Tongue
Press: ? - help, Shift-Dir - straight line, f/p - hobgoblin
Aim: a hobgoblin, wielding a club (almost dead)
The flame tongue hits the hobgoblin.
You kill the hobgoblin!
Found 21 bolts.
A kobold comes into view. It is wielding a club.
The kobold shouts!
The kobold throws a stone.
The stone misses you.
You see here a stone.
A hobgoblin comes into view.
A bat and a dart slug come into view.
Casting: Flame Tongue
Confirm with . or Enter, or press ? or * to list all spells.
Aiming: Flame Tongue
Press: ? - help, Shift-Dir - straight line, f - kobold
Aim: a kobold, wielding a club The flame tongue hits the kobold.
You kill the kobold!
The hobgoblin shouts!
Casting: Flame Tongue
Confirm with . or Enter, or press ? or * to list all spells.
Aiming: Flame Tongue
Press: ? - help, Shift-Dir - straight line, f - bat
Aim: a bat The flame tongue hits the bat.
The bat is severely wounded.
The bat barely misses you. The dart slug launches a dart at you.
The slug dart hits you!
Ouch! That really hurt!
You die...

You could see a dart slug, 2 hobgoblins and a bat.

Vanquished Creatures
  A hobgoblin (D:1)
  A kobold (D:1)
2 creatures vanquished.

Action                   || total
-------------------------++-------
 Cast: Flame Tongue      ||     6
Dodge: Dodged            ||     2

Vault maps used:
D:1:      kb_arrival_jail
